 Dungeon Crawl Stone Soup version 0.29-a0-577-gafbf2c5d25 (webtiles) character file.

Game seed: 1667404920446028727

7336 blackman the Carver (level 11, -1/84 HPs)
             Began as a Human Delver on June 13, 2022.
             Was an Elder of Okawaru.
             Slain by a rockslime (glowing shapeshifter) (25 damage)
             ... in a bailey.
             The game lasted 01:21:43 (8517 turns).

blackman the Carver (Human Delver)                  Turns: 8517, Time: 01:21:44

Health: -1/84      AC: 21    Str: 17 (20) XL:     11   Next: 35%
Magic:  10/16      EV:  8    Int:  7 (10) God:    Okawaru [****..]
Gold:   703        SH:  0    Dex: 12 (13) Spells: 10/10 levels left

rFire   . . .      SeeInvis .   L - +8 long sword "Transmigrator" {venom, *Noise rElec Str+3}
rCold   . . .      Faith    .   (no shield)
rNeg    . . .      Spirit   .   Q - +0 plate armour
rPois   +          Reflect  .   w - +0 helmet
rElec   +          Harm     .   G - +2 cloak
rCorr   .          Rampage  .   (no gloves)
Will    .....                   C - +0 pair of boots
Stlth   ..........              E - amulet of regeneration
HPRegen 1.04/turn               J - +4 ring of slaying
MPRegen 0.15/turn               i - ring of poison resistance

@: heroic, finesse-ful, attractive, studying 2 skills
A: talons 1, clumsy 1, evolution 1
a: Renounce Religion, Heroism, Finesse


You were in a bailey.
You worshipped Okawaru.
Okawaru was greatly pleased with you.
You visited 1 branch of the dungeon, and saw 9 of its levels.
You also visited: Bailey.

You collected 759 gold pieces.
You spent 56 gold pieces at shops.

Inventory:

Hand Weapons
 a - a +0 falchion
 k - a +1 whip of electrocution
 m - a +1 dagger of holy wrath
 D - a +0 scimitar
 L - the +8 long sword "Transmigrator" (weapon) {venom, *Noise rElec Str+3}
   (You found it on level 6 of the Dungeon)

   It poisons the flesh of those it strikes.
   Str:       It affects your strength (+3).
   rElec:     It insulates you from electricity.
   *Noise:    It may make noises in combat.
Missiles
 M - 9 poisoned darts
Armour
 b - a +0 leather armour
 q - a +0 chain mail
 w - a +0 helmet (worn)
 C - a +0 pair of boots (worn)
 G - a +2 cloak (worn)
 Q - a +0 plate armour (worn)
Jewellery
 i - a ring of poison resistance (right hand)
 j - a +6 ring of dexterity
 r - a ring of magical power
 E - an amulet of regeneration (around neck)
 J - a +4 ring of slaying (left hand)
Wands
 g - a wand of digging (4)
 N - a wand of flame (20)
Scrolls
 c - 3 scrolls of fog
 e - a scroll of fear
 o - 5 scrolls of poison {unknown}
 p - 2 scrolls of noise
 s - 2 scrolls of enchant armour
 v - 7 scrolls of teleportation
 x - 3 scrolls of torment
 y - a scroll of enchant weapon {unknown}
 z - 3 scrolls of amnesia
 F - 2 scrolls of blinking
 O - a scroll of immolation {unknown}
Potions
 d - 3 potions of curing
 l - a potion of attraction
 n - 3 potions of resistance (quivered)
 u - a potion of heal wounds
 B - a potion of flight
 I - a potion of degeneration
 K - 2 potions of mutation


   Skills:
 * Level 7.2(12.2) Fighting
 - Level 12.6(17.6) Long Blades
 * Level 6.4(11.4) Armour
 - Level 2.0(7.0) Dodging
 - Level 5.0(10.0) Stealth
 * Level 7.1 Invocations


You had 10 spell levels left.
You didn't know any spells.
Your spell library contained the following spells:

 Spells                   Type           Power      Damage    Failure   Level
 Foxfire                  Conj/Fire      0%         2x1d4     100%        1
 Magic Dart               Conj           0%         1d3       100%        1
 Searing Ray              Conj           0%         2d4       100%        2
 Conjure Flame            Conj/Fire      0%         6-21      100%        3
 Gell's Gravitas          Tloc           0%         N/A       100%        3
 Ignite Poison            Fire/Tmut/Pois 0%         N/A       100%        3
 Inner Flame              Hex/Fire       0%         N/A       100%        3
 Lesser Beckoning         Tloc           0%         N/A       100%        3
 Portal Projectile        Hex/Tloc       0%         N/A       100%        3
 Teleport Other           Tloc           0%         N/A       100%        3
 Flame Wave               Conj/Fire      0%         2d4       100%        4
 Fulminant Prism          Conj/Hex       0%         3d6       100%        4
 Sticky Flame             Conj/Fire      0%         2d3       100%        4
 Blade Hands              Tmut           0%         N/A       100%        5
 Borgnjor's Revivificati  Necr           0%         N/A       100%        8
 Necromutation            Tmut/Necr      0%         N/A       100%        8
 Death's Door             Necr           0%         N/A       100%        9
 Tukima's Dance           Hex            Unusable   N/A       N/A         3

Dungeon Overview and Level Annotations

Branches:
Dungeon (9/15)             Temple (0/1) D:4          Bailey (1/1)
   Lair: D:8-11         Orc: D:9-12

Altars:
Cheibriados
Kikubaaqudgha
Okawaru
Uskayaw
Vehumet
Xom

Shops:
D:4 (   D:9 :


Innate Abilities, Weirdness & Mutations

You have sharp toenails.
You are clumsy. (Dex -2)
You have hidden genetic potential.


Message History

The titan is moderately wounded.
The titan hits you!!
You hit the titan.
The titan looks as sick as possible!
You punch the titan.
The titan is moderately wounded.
You slash the titan!
The titan looks as sick as possible!
The titan is moderately wounded.
You slash the titan!
The titan is heavily wounded.
The titan hits you!
You slash the titan!
The titan is heavily wounded.
You hit the titan.
The titan looks as sick as possible!
The titan is severely wounded.
The titan changes into a rockslime!
You hit the rockslime but do no damage.
The rockslime is poisoned.
The rockslime is heavily wounded.
You slash the rockslime!
The rockslime is severely wounded.
You barely miss the rockslime.
The rockslime is severely wounded.
The rockslime hits you!!
* * * LOW HITPOINT WARNING * * *
You stumble backwards!
You hit the rockslime but do no damage.
The rockslime is severely wounded.
You hit the rockslime but do no damage.
The rockslime looks as sick as possible!
The rockslime is severely wounded.
You hit the rockslime but do no damage.
The rockslime is severely wounded.
The rockslime barely misses you.
You hit the rockslime but do no damage.
The rockslime looks as sick as possible!
The rockslime is severely wounded.
You hit the rockslime but do no damage.
The rockslime is severely wounded.
You hit the rockslime but do no damage.
The rockslime is severely wounded.
The rockslime hits you!!
You die...

#### ########### #∩∩##
##.........## ##..#
##..≈≈[≈≈≈≈..# #..##
##..≈≈...[.≈≈..
##..######..≈≈..###..≈≈.
#[.[.......≈≈..## ##.[≈≈
#.[[≈≈≈≈≈≈≈≈..## ##..≈
#.≈[...@J....## ##.[
#.≈.########## ###
#.≈.##.$$$. #.≈..##.$.#
#.≈≈..##.## §.§..≈≈
#∩.≈≈..#+# ..⌠...≈
##.≈[..# .⌠∩⌠...
#.≈[..## ....o≈≈ #.≈.)##
≈≈≈§.


You could see a rockslime shaped shifter (extremely poisoned).

Vanquished Creatures
  Gastronok (D:8)
  A centaur warrior (D:8)
  A two-headed ogre (D:9)
  An orc knight (Arena)
  2 hornets
  A wraith (D:8)
  A yak (D:8)
  Duvessa (D:7)
  2 sky beasts (D:7)
  2 black bears
  4 orc warriors
  An ogre (D:4)
  A phantom (D:6)
  A centaur (D:9)
  A kobold brigand (D:9)
  3 bullfrogs
  2 necrophages
  3 scorpions (D:6)
  9 wights
  8 killer bees
  3 howler monkeys
  7 hounds
  A jelly (D:8)
  An orc priest (D:4)
  2 gnoll shamans
  8 iguanas
  6 orc wizards
  2 adders
  A gnoll (D:5)
  6 shadow imps
  A white imp (D:6)
  3 worms (D:2)
  A dart slug (D:4)
  37 orcs
  An endoplasm (D:1)
  2 giant cockroaches
  11 goblins
  6 hobgoblins
  A quokka (D:3)
  4 ball pythons
  9 bats
  2 frilled lizards (D:2)
  5 kobolds
  3 rats (D:3)
169 creatures vanquished.

Vanquished Creatures (collateral kills)
  2 yaks (D:8)
  A bullfrog (D:8)
  A necrophage (D:7)
  Dowan (D:7)
  An orc priest (D:4)
  2 gnolls (D:5)
  A shadow imp (D:4)
9 creatures vanquished.

Vanquished Creatures (others)
  A yak (D:8)
  2 howler monkeys (D:9)
  A gnoll (D:5)
  3 fungi (D:9)
  A plant (D:4)
8 creatures vanquished.

Grand Total: 186 creatures vanquished

Notes
Turn   | Place    | Note
-------+----------+-------------------------------------------
     0 | D:5      | blackman the Human Delver began the quest for the Orb.
     0 | D:5      | Reached XP level 1. HP: 18/18 MP: 1/1
    48 | D:5      | Found a radiant altar of Vehumet.
    51 | D:5      | Found an iron altar of Okawaru.
    56 | D:5      | Became a worshipper of Warmaster Okawaru
    67 | D:5      | Noticed an iguana
   144 | D:4      | Noticed a necrophage
   184 | D:4      | Found Mot Atam's Weapon Shop.
   280 | D:2      | Reached XP level 2. HP: 17/24 MP: 2/2
   329 | D:2      | Reached skill level 3 in Long Blades
   549 | D:2      | Reached XP level 3. HP: 21/29 MP: 3/3
   972 | D:1      | Found a faded altar of an unknown god.
  1863 | D:2      | Reached skill level 4 in Long Blades
  1863 | D:2      | Reached XP level 4. HP: 35/35 MP: 4/4
  2594 | D:4      | Noticed an ogre
  2654 | D:4      | Found a transporter.
  2667 | D:4      | Found a transporter.
  2686 | D:4      | Bought a +0 scimitar for 56 gold pieces
  2794 | D:4      | Found a staircase to the Ecumenical Temple.
  2846 | D:4      | Reached skill level 5 in Long Blades
  2846 | D:4      | Reached XP level 5. HP: 41/41 MP: 5/5
  3448 | D:5      | Reached XP level 6. HP: 46/47 MP: 6/6
  3635 | D:5      | Identified a scroll of acquirement
  3636 | D:5      | Acquired a manual of Shields
  3646 | D:5      | Reached skill level 6 in Long Blades
  3797 | D:5      | Reached * piety under Okawaru
  3887 | D:6      | Reached skill level 7 in Long Blades
  3887 | D:6      | Reached XP level 7. HP: 46/52 MP: 7/7
  3962 | D:6      | Noticed a hornet
  4001 | D:6      | Reached skill level 8 in Long Blades
  4171 | D:6      | Reached ** piety under Okawaru
  4172 | D:6      | Reached XP level 8. HP: 55/58 MP: 8/8
  4249 | D:6      | Found a snail-covered altar of Cheibriados.
  4258 | D:6      | Killed a hornet
  4259 | D:6      | Reached skill level 9 in Long Blades
  4351 | D:6      | Identified the +8 long sword "Transmigrator" {venom, *Noise
                  | rElec Str+3}
  4413 | D:6      | Identified the +2 robe of Fashionability {*Corrode Fly rN+
                  | Stlth+}
  4490 | D:6      | Reached skill level 10 in Long Blades
  4591 | D:6      | Found a shimmering altar of Xom.
  4773 | D:7      | Noticed Duvessa
  4776 | D:7      | Noticed Dowan
  4777 | D:7      | Killed Dowan
  4788 | D:7      | Killed Duvessa
  4789 | D:7      | Reached XP level 9. HP: 27/63 MP: 9/9
  4974 | D:7      | Found a shimmering altar of Xom.
  4975 | D:7      | Reached *** piety under Okawaru
  4981 | D:7      | Reached skill level 11 in Long Blades
  5199 | D:7      | Reached skill level 12 in Long Blades
  5681 | D:8      | Noticed a centaur warrior
  5697 | D:8      | Killed a centaur warrior
  5697 | D:8      | Reached **** piety under Okawaru
  5698 | D:8      | Reached XP level 10. HP: 51/73 MP: 7/10
  5841 | D:8      | Reached skill level 5 in Fighting
  6255 | D:8      | Reached skill level 5 in Armour
  6286 | D:8      | Noticed Gastronok
  6307 | D:8      | Killed Gastronok
  6307 | D:8      | Reached ***** piety under Okawaru
  6580 | D:8      | Reached skill level 1 in Invocations
  6762 | D:4      | Found a hide-covered altar of Uskayaw.
  6888 | D:4      | Reached XP level 11. HP: 84/84 MP: 11/13
  7287 | D:9      | Found Gateyveq's Book Shoppe.
  7365 | D:9      | Found an ancient bone altar of Kikubaaqudgha.
  7408 | D:9      | Noticed a two-headed ogre
  7480 | D:9      | Killed a two-headed ogre
  7480 | D:9      | Identified the +8 quarterstaff "Leviticus" {freeze, Dex+3
                  | SInv} (Okawaru gifted it to you on level 9 of the Dungeon)
  7480 | D:9      | Received a gift from Okawaru
  7481 | D:9      | Reached skill level 5 in Invocations
  7974 | D:9      | Found a flagged portal.
  7988 | Bailey   | Entered a bailey
  8340 | Bailey   | Noticed an orc knight
  8340 | Bailey   | Noticed an orc knight
  8340 | Bailey   | Noticed an orc knight
  8341 | Bailey   | Noticed a glowing shapeshifter
  8341 | Bailey   | an orc knight changed into a glowing shapeshifter
  8342 | Bailey   | Noticed a death drake
  8342 | Bailey   | a glowing shapeshifter changed into a death drake
  8347 | Bailey   | Noticed a shining eye
  8349 | Bailey   | Gained mutation: You occasionally shout uncontrollably at
                  | your foes. [a shining eye]
  8364 | Bailey   | Noticed a salamander
  8364 | Bailey   | an orc knight changed into a salamander
  8365 | Arena    | Entered the Arena
  8370 | Arena    | Lost mutation: You occasionally shout uncontrollably at
                  | your foes. [potion of mutation]
  8370 | Arena    | Gained mutation: You have hidden genetic potential. [potion
                  | of mutation]
  8370 | Arena    | Gained mutation: You are clumsy. (Dex -2) [potion of
                  | mutation]
  8370 | Arena    | Gained mutation: You have sharp toenails. [potion of
                  | mutation]
  8401 | Arena    | Killed an orc knight
  8424 | Bailey   | Noticed an entropy weaver
  8425 | Bailey   | Noticed a broodmother
  8425 | Bailey   | an entropy weaver changed into a broodmother
  8426 | Bailey   | Noticed a fire dragon
  8426 | Bailey   | a broodmother changed into a fire dragon
  8466 | Bailey   | Noticed a rockslime
  8466 | Bailey   | Noticed a titan
  8466 | Bailey   | a rockslime changed into a titan
  8478 | Bailey   | Noticed a titan
  8495 | Bailey   | Noticed a rockslime
  8495 | Bailey   | a titan changed into a rockslime
  8499 | Bailey   | Noticed a titan
  8499 | Bailey   | a rockslime changed into a titan
  8508 | Bailey   | Noticed a rockslime
  8508 | Bailey   | a titan changed into a rockslime
  8517 | Bailey   | Slain by a rockslime (glowing shapeshifter)

Illustrated notes

Levels and vault maps discovered:
D:1:      amcnicky_arrival_single_pillar, layout_basic,
          chequers_ecumenical_altar_island
D:2:      layout_rooms
D:3:      layout_rooms
D:4:      gammafunk_wand_slinger, layout_basic, mainiacjoe_overflow_24_doors,
          minmay_temple_entry_wispy, serial_shops,
          nicolae_shop_bloodbath_and_beyond
D:5:      layout_rooms, minitemple
D:6:      layout_gridville, mainiacjoe_overflow_small_starburst,
          kennysheep_mini, minmay_chambers_of_fives
D:7:      layout_gridville, minmay_ruined_shrine, uniq_duvessa
D:8:      layout_loops_corners, uniq_gastronok
D:9:      layout_irregular_city, mainiacjoe_overflow_boulevard, enter_bailey_5,
          nicolae_stop_n_shop_2
Bailey:   bailey_polearm_1, bailey

Skill      XL: |  1  2  3  4  5  6  7  8  9 10 11 |
---------------+----------------------------------+-----
Long Blades    | 3 4 5 7 8 10 12 | 12.6
Fighting       | 4 7 |  7.2
Armour         | 3 6 |  6.4
Invocations    | 2 7 |  7.1
Dodging        | |  2.0
Stealth        | |  5.0

Action                   |  1- 3 |  4- 6 |  7- 9 | 10-12 || total
-------------------------+-------+-------+-------+-------++-------
Melee: Falchion          |   110 |    42 |       |   133 ||   285
       Punch             |     1 |     3 |     1 |     4 ||     9
       Scimitar          |       |    64 |       |       ||    64
       Whip              |       |    22 |    56 |       ||    78
       Long sword        |       |       |    97 |   109 ||   206
Throw: Dart              |       |     1 |    12 |    23 ||    36
Invok: Heroism           |       |       |     5 |     7 ||    12
       Finesse           |       |       |       |     4 ||     4
       Duel              |       |       |       |     1 ||     1
Evoke: Wand              |     2 |       |       |    18 ||    20
  Use: Scroll            |     1 |     5 |     1 |     9 ||    16
       Potion            |       |     1 |     1 |    15 ||    17
 Stab: Sleeping          |     4 |       |       |       ||     4
Armor: Leather armour    |    10 |       |       |       ||    10
       Chain mail        |    64 |    73 |   115 |    69 ||   321
       Plate armour      |       |       |       |    81 ||    81
Dodge: Dodged            |    63 |    34 |    55 |    99 ||   251

Table legend: (Time is in decaauts)
 A = Elapsed time spent in this place.
 B = Non-inter-level travel time spent in this place.
 C = Inter-level travel time spent in this place.
 D = Time resting spent in this place.
 E = Time spent auto-exploring this place.
 F = Levels seen in this place.
 G = Mean time per level.
                   A        B        C        D        E       F      G
               +--------+--------+--------+--------+--------+-----+--------+
         Total |   8380 |   7809 |    571 |   1352 |   4045 |  11 |  761.8 |
       Dungeon |   7908 |   7337 |    571 |   1182 |   4045 |   9 |  878.7 |
        Bailey |    431 |    431 |      0 |    147 |      0 |   1 |  431.0 |
         Arena |     40 |     40 |      0 |     22 |      0 |   1 |   40.0 |
               +--------+--------+--------+--------+--------+-----+--------+

Top non-repeatable levels by time:
     D:8: 1322 daAuts
     D:4: 1299 daAuts
     D:6: 944 daAuts
     D:1: 935 daAuts
     D:2: 894 daAuts
     D:7: 851 daAuts
     D:5: 697 daAuts
     D:3: 572 daAuts
  Bailey: 431 daAuts
     D:9: 392 daAuts
   Arena: 40 daAuts
